 Dungeon Crawl Stone Soup version 0.28-a0-1190-g77e1c55843 (webtiles) character file.

Game seed: 918687479561779730

2450 freelancePsychic the Magician (level 9, -2/71 HPs)
             Began as a Demonspawn Wanderer on Dec 18, 2021.
             Was a Follower of Ru.
             Succumbed to a killer bee's poison
             ... on level 7 of the Dungeon.
             The game lasted 00:16:37 (9887 turns).

freelancePsychic the Magician (Demonspawn Wanderer) Turns: 9887, Time: 00:16:38

Health: -2/71      AC:  8    Str: 16    XL:     9   Next: 25%
Magic:  19/19      EV: 10    Int: 18    God:    Ru [*.....]
Gold:   213        SH:  0    Dex:  9    Spells: 20/21 levels left

rFire   . . .      SeeInvis .   m - +1 dagger (drain)
rCold   . . .      Faith    .   (no shield)
rNeg    . . .      Spirit   .   b - +0 scale mail
rPois   .          Reflect  .   (no helmet)
rElec   .          Harm     .   (no cloak)
rCorr   .          Rampage  .   (no gloves)
Will    .....                   f - +0 pair of boots
Stlth   +.........              (no amulet)
HPRegen 0.21/turn               (no ring)
MPRegen 0.16/turn               (no ring)

@: mighty, lethally poisoned (-2 -> -15), invisible, unable to read
A: hooves 2, inability to read while threatened, sturdy frame 2
a: Renounce Religion


You were on level 7 of the Dungeon.
You worshipped Ru.
Ru was aware of your devotion.
You visited 2 branches of the dungeon, and saw 8 of its levels.

You collected 297 gold pieces.
You spent 84 gold pieces at shops.

Inventory:

Hand Weapons
 a - a +3 vorpal mace
 e - a +0 dagger
 m - a +1 dagger of draining (weapon)
Missiles
 q - 2 throwing nets
Armour
 b - a +0 scale mail (worn)
 c - a +0 robe
 f - a +0 pair of boots (worn)
 u - a +0 robe of resistance
Jewellery
 r - a ring of fire
Wands
 d - a wand of acid (12)
 s - a wand of flame (20)
Scrolls
 h - a scroll of amnesia
 p - a scroll of enchant armour {unknown}
 t - a scroll of identify {@r1}
 v - a scroll of brand weapon {unknown}
Potions
 j - a potion of cancellation {unknown}
 l - a potion of brilliance {unknown}
 n - a potion of haste {unknown}
 o - a potion of flight {unknown}


   Skills:
 + Level 6.7 Fighting
 - Level 2.6 Axes
 + Level 3.4 Armour
 + Level 6.9 Spellcasting
 - Level 6.7 Conjurations
 - Level 2.2 Fire Magic


You had 20 spell levels left.
You knew the following spells:

 Your Spells              Type           Power      Damage    Failure   Level
a - Foxfire               Conj/Fire      88%        2x1d8     2%          1

Your spell library contained the following spells:

 Spells                   Type           Power      Damage    Failure   Level
 Conjure Flame            Conj/Fire      22%        6-21      9%          3
 Beastly Appendage        Tmut           12%        N/A       17%         1
 Slow                     Hex            24%        N/A       17%         1
 Wereblood                Tmut           6%         N/A       26%         2
 Confusing Touch          Hex            6%         N/A       45%         3
 Gell's Gravitas          Tloc           6%         N/A       45%         3
 Spider Form              Tmut/Pois      6%         N/A       45%         3
 Teleport Other           Tloc           6%         N/A       45%         3
 Vampiric Draining        Necr           6%         2d6       45%         3
 Dispersal                Tloc           3%         N/A       100%        6


Dungeon Overview and Level Annotations

Branches:
Dungeon (7/15)             Temple (1/1) D:6

Altars:
Ashenzari
Cheibriados
Dithmenos
Elyvilon
Fedhas
Makhleb
Nemelex Xobeh
Okawaru
Ru
Sif Muna
Trog
Wu Jian
Xom
Zin
The Shining One

Shops:
D:3 ?   D:5 *

Annotations:
D:3 Ijyb
D:4 2 transporters, RancidPinata's ghost, weakling GrDe
D:6 1 runed translucent door, Crazy Yiuf


Innate Abilities, Weirdness & Mutations

You have hoof-like feet.
You sometimes lose the ability to read scrolls when taking damage.
Your movements are less encumbered by armour. (ER -4)


Message History

The killer bee stings you. The killer bee barely misses you.
You feel less invigorated.
You feel less confused.
You feel very sick.
The killer bee stings you but does no damage.
You feel sick. The killer bee stings you.
You are more poisoned.
The killer bee poisons you!
You feel very sick.
You redirect the killer bee's attack!
The killer bee misses itself.
You feel very sick. The killer bee stings you!
You feel threatened and lose the ability to read scrolls!
* * * LOW HITPOINT WARNING * * *
You feel much better.
You feel sick. The killer bee stings you.
The killer bee stings you but does no damage.
You feel sick. The killer bee barely misses you.
You feel sick. The killer bee closely misses you. The killer bee stings you.
You feel sick.
You feel sick. The killer bee stings you!
* * * LOW HITPOINT WARNING * * *
You are more poisoned.
The killer bee poisons you!
Things that are here:
a killer bee corpse; a killer bee corpse You feel very sick.
The killer bee stings you.
* * * LOW HITPOINT WARNING * * *
You are lethally poisoned!
The killer bee poisons you!
It was a potion of invisibility.
You fade into invisibility!
* * * LOW HITPOINT WARNING * * *
You feel very sick. The killer bee stings you!
* * * LOW HITPOINT WARNING * * *
It was a potion of might.
You feel very mighty all of a sudden.
You die...

#.#..#...#.#.....#
#.#..#...#.#)#.###
#.#..#.....#<)....
#.#..#.<....()..##
#.#.............#
#.###..)........#
###...#.[)........#
#...................
#>y@................
###y#(##############
#.#.# #.#.# #.#.#
#.#.# #.#.# #.# #.#


You could see 2 killer bees.

Vanquished Creatures
  Sigmund (D:3)
  A water moccasin (D:5)
  4 ice beasts
  An orc warrior (D:5)
  A necrophage (D:5)
  3 ogres
  2 kobold brigands (D:6)
  Blork the orc (D:6)
  4 scorpions
  2 water moccasin zombies (D:6)
  3 killer bees (D:7)
  A howler monkey (D:6)
  3 hounds
  2 gnoll shamans
  A jelly (D:6)
  2 bullfrog skeletons
  An iguana (D:6)
  Natasha (thrice) (D:4)
  An orc wizard (D:5)
  11 gnolls
  11 adders
  A white imp (D:6)
  2 worms (D:2)
  5 dart slugs
  An orc (D:6)
  9 endoplasms
  3 giant cockroaches
  6 goblins
  6 hobgoblins
  5 jackals
  4 quokkas
  10 ball pythons
  5 bats
  2 frilled lizards (D:1)
  35 kobolds
  4 rats
157 creatures vanquished.

Vanquished Creatures (collateral kills)
  18 foxfires
18 creatures vanquished.

Vanquished Creatures (others)
  676 foxfires
  43 plants
719 creatures vanquished.

Grand Total: 894 creatures vanquished

Notes
Turn   | Place    | Note
-------+----------+-------------------------------------------
     0 | D:1      | freelancePsychic the Demonspawn Wanderer began the quest
                  | for the Orb.
     0 | D:1      | freelancePsychic set off with the following items: a +0 war
                  | axe, a +0 scale mail; and the following spell memorised:
                  | Foxfire; and the following spells available to memorise:
                  | Conjure Flame
     0 | D:1      | Reached XP level 1. HP: 15/15 MP: 3/3
    28 | D:1      | Gained mutation: Your movements are slightly less
                  | encumbered by armour. (ER -2) [demonic ancestry]
    28 | D:1      | Reached XP level 2. HP: 3/21 MP: 5/5
   413 | D:1      | Reached skill level 1 in Conjurations
  1082 | D:2      | Reached XP level 3. HP: 26/26 MP: 2/6
  1997 | D:2      | Reached XP level 4. HP: 28/32 MP: 5/8
  2941 | D:3      | Found Odghus's Magic Scroll Shoppe.
  2977 | D:3      | Bought a scroll of identify for 28 gold pieces
  2977 | D:3      | Bought a scroll of identify for 28 gold pieces
  2978 | D:3      | Bought a scroll of identify for 28 gold pieces
  2978 | D:3      | Noticed Sigmund
  3070 | D:3      | Noticed Ijyb
  3372 | D:4      | Noticed an ogre
  3391 | D:4      | Noticed Natasha
  3732 | D:4      | Found a shadowy altar of Dithmenos.
  3794 | D:4      | Found a transporter.
  3809 | D:4      | Found a transporter.
  3812 | D:4      | Noticed RancidPinata's ghost (weakling GrDe)
  3937 | D:4      | Noticed an ogre
  4204 | D:4      | Killed Natasha
  4205 | D:4      | Gained mutation: Your movements are less encumbered by
                  | armour. (ER -4) [demonic ancestry]
  4205 | D:4      | Reached XP level 5. HP: 21/38 MP: 3/9
  4348 | D:4      | Noticed Natasha
  4371 | D:4      | Killed Natasha
  4389 | D:5      | Entered Level 5 of the Dungeon
  4642 | D:5      | Noticed a necrophage
  4648 | D:6      | Found a burning altar of Makhleb.
  4660 | D:6      | Gained mutation: You have large cloven feet. [demonic
                  | ancestry]
  4660 | D:6      | Reached XP level 6. HP: 30/46 MP: 1/11
  4694 | D:6      | Noticed an ice beast
  4796 | D:6      | Killed an ice beast
  5038 | D:6      | Reached XP level 7. HP: 41/52 MP: 8/13
  5104 | D:6      | Found a staircase to the Ecumenical Temple.
  5104 | D:6      | Noticed Blork the orc
  5121 | D:6      | Killed Blork the orc
  5137 | Temple   | Entered the Ecumenical Temple
  5258 | Temple   | Became a worshipper of Ru the Awakened
  5957 | D:6      | Found a broken altar of Ashenzari.
  6066 | D:6      | Found a runed translucent door.
  6067 | D:6      | Noticed Crazy Yiuf
  6137 | D:6      | Reached skill level 5 in Spellcasting
  6139 | D:6      | Reached skill level 5 in Conjurations
  6370 | D:7      | Reached XP level 8. HP: 53/61 MP: 10/15
  6765 | D:7      | Reached skill level 5 in Fighting
  7106 | D:5      | Gained mutation: You sometimes lose the ability to read
                  | scrolls when taking damage. [Ru sacrifice]
  7106 | D:5      | Reached * piety under Ru
  7529 | D:5      | Found Wiewkin's Elemental Accessories.
  7653 | D:5      | Found a bloodstained altar of Trog.
  7785 | D:5      | Found a shimmering blue altar of Sif Muna.
  8212 | D:4      | Gained mutation: You have hoof-like feet. [demonic
                  | ancestry]
  8212 | D:4      | Reached XP level 9. HP: 62/69 MP: 10/18
  8636 | D:4      | Noticed Natasha
  8639 | D:4      | Killed Natasha
  8810 | D:3      | Killed Sigmund
  9154 | D:3      | Found a faded altar of an unknown god.
  9886 | D:7      | HP: 1/71 [killer bee (7)]
  9887 | D:7      | Succumbed to a killer bee's poison

Illustrated notes

Levels and vault maps discovered:
D:1:      psy_arrival_dodecagon, layout_rooms
D:2:      layout_loops_ring, serial_forest, infiniplex_forest_clump_long,
          infiniplex_forest_lined_room_3, infiniplex_forest_lined_4_way,
          infiniplex_forest_lined_room_2, infiniplex_forest_end_3,
          infiniplex_forest_clump_double, infiniplex_forest_clump_tiny,
          infiniplex_forest_straight_5, minmay_ruptured
D:3:      layout_loops_ring, nicolae_ecumenical_snake_handling, serial_shops,
          nicolae_square_shop, minmay_fractal_squares_gapless_5, uniq_sigmund,
          uniq_ijyb
D:4:      layout_loops_corners, mainiacjoe_overflow_24_doors,
          gammafunk_ghost_mausoleum, grunt_decor_fettered,
          chequers_serial_rivers_micro_a, uniq_natasha
D:5:      layout_rooms, nzn_overflow_gifts_of_might_and_magic, zin_scriptorium,
          nicolae_elemental_shop
D:6:      kennysheep_kobold_camp, layout_cave_pools, nicolae_ashenzari_skybound,
          mainiacjoe_overflow_tiny_flanked, minmay_temple_entry_slanted,
          uniq_crazy_yiuf_cottage, uniq_blork_the_orc
D:7:      layout_basic
Temple:   jpeg_temple_island

Skill      XL: |  1  2  3  4  5  6  7  8  9 |
---------------+----------------------------+-----
Conjurations   | 1 2 3 4 5 6 |  6.7
Fire Magic     | 2 |  2.2
Spellcasting   | 3 4 5 6 |  6.9
Fighting       | 2 3 4 6 |  6.7
Armour         | 3 |  3.4
Axes           | |  2.6

Action                   |  1- 3 |  4- 6 |  7- 9 || total
-------------------------+-------+-------+-------++-------
Melee: War axe           |    48 |       |       ||    48
       Dagger            |     5 |    46 |   118 ||   169
       Unarmed           |       |     4 |       ||     4
       Mace              |       |       |     1 ||     1
 Cast: Foxfire           |    69 |   114 |   216 ||   399
Invok: Sacrifice Words   |       |       |     1 ||     1
  Use: Scroll            |       |     5 |     1 ||     6
       Potion            |       |     2 |     5 ||     7
Armor: Scale mail        |    17 |       |    35 ||    52
       Robe              |     7 |    30 |    20 ||    57
       Skin              |       |     4 |       ||     4
Dodge: Dodged            |    48 |    64 |   124 ||   236

Table legend: (Time is in decaauts)
 A = Elapsed time spent in this place.
 B = Non-inter-level travel time spent in this place.
 C = Inter-level travel time spent in this place.
 D = Time resting spent in this place.
 E = Time spent auto-exploring this place.
 F = Levels seen in this place.
 G = Mean time per level.
                   A        B        C        D        E       F      G
               +--------+--------+--------+--------+--------+-----+--------+
         Total |   9930 |   9511 |    419 |    325 |   7670 |   8 | 1241.2 |
       Dungeon |   9796 |   9389 |    407 |    325 |   7564 |   7 | 1399.4 |
        Temple |    133 |    121 |     12 |      0 |    106 |   1 |  133.0 |
               +--------+--------+--------+--------+--------+-----+--------+

Top non-repeatable levels by time:
     D:6: 2093 daAuts
     D:2: 1867 daAuts
     D:4: 1653 daAuts
     D:3: 1426 daAuts
     D:5: 1203 daAuts
     D:1: 1074 daAuts
     D:7: 477 daAuts
  Temple: 133 daAuts
